 Dungeon Crawl Stone Soup version 0.25-a0-930-g9f5dfa9815 (webtiles) character file.

Game seed: 5467708113593399413, levelgen mode: classic

263 Amnesiac the Chiller (level 6, -1/45 HPs)
             Began as a Ghoul Ice Elementalist on May 4, 2020.
             Slain by a killer bee (3 damage)
             ... on level 4 of the Dungeon.
             The game lasted 00:03:33 (1194 turns).

Amnesiac the Chiller (Ghoul Ice Elementalist)       Turns: 1194, Time: 00:03:34

Health: -1/45      AC:  2    Str: 12    XL:     6   Next: 19%
Magic:  0/9        EV: 12    Int: 12    God:
Gold:   52         SH:  0    Dex:  9    Spells: 1/11 levels left

rFire    . . .     SeeInvis .   j - +0 dagger (speed)
rCold    + . .     Gourm    .   (no shield)
rNeg     + + +     Faith    .   a - +0 robe
rPois    ∞         Spirit   .   (no helmet)
rElec    .         Reflect  .   (no cloak)
rCorr    .         Harm     .   (no gloves)
MR       .....                  (no boots)
Stlth    ++........             (no amulet)
HPRegen  0.00/turn              (no ring)
MPRegen  0.11/turn              (no ring)

@: rotting
A: rotting body, claws 1, carnivore, cold resistance 1, negative energy
resistance 3, inhibited regeneration, torment resistance, unbreathing
a: no special abilities


You were on level 4 of the Dungeon.
You were not hungry.

You visited 1 branch of the dungeon, and saw 5 of its levels.

You collected 52 gold pieces.

Inventory:

Hand Weapons
 j - a +0 dagger of speed (weapon)
Missiles
 g - 14 stones (quivered)
Armour
 a - a +0 robe (worn)
 l - a +0 kite shield
Jewellery
 k - an uncursed ring of protection from fire {unknown}
Wands
 o - a wand of polymorph (9)
Scrolls
 d - 2 scrolls of identify {!r, unknown}
 e - 2 scrolls of remove curse {!r, unknown}
 i - a scroll of amnesia {!r, unknown}
 n - a scroll of immolation {!r, unknown}
Potions
 f - a potion of might {!q, unknown}
 h - a potion of degeneration {!q, unknown}
 m - a potion of curing {!q, unknown}
Comestibles
 c - 5 rations


   Skills:
 - Level 1.7 Dodging
 - Level 2.1 Stealth
 + Level 3.3 Spellcasting
 * Level 7.0 Ice Magic


You had one spell level left.
You knew the following spells:

 Your Spells              Type           Power        Failure   Level  Hunger
a - Freeze                Ice            ###.         1%          1    #......
b - Frozen Ramparts       Ice            ###...       4%          3    ###....
c - Summon Ice Beast      Ice/Summ       ##......     50%         4    #####..
d - Passwall              Tmut/Erth      #.......     36%         2    ##.....

Your spell library contained the following spells:

 Spells                   Type           Power        Failure   Level  Hunger
 Sandblast                Erth           #.....       24%         1    #......
 Ozocubu's Armour         Chrm/Ice       ##......     17%         3    ###....
 Hailstorm                Conj/Ice       ##......     50%         4    #####..
 Stone Arrow              Conj/Erth      #.....       58%         3    ###....
 Petrify                  Tmut/Erth      #.......     94%         4    #####..
 Lee's Rapid Deconstruct  Erth           #.........   100%        5    ######.


Dungeon Overview and Level Annotations

Branches:
Dungeon (5/15)
 Temple: D:4-7

Altars:
Yredelemnul


Innate Abilities, Weirdness & Mutations

Your body is rotting away.
You thrive on raw meat.
You are immune to poison.
You have sharp fingernails.
You are carnivorous and can eat meat at any time.
Your flesh is cold resistant. (rC+)
You are immune to negative energy. (rN+++)
You do not regenerate when monsters are visible.
You are immune to unholy pain and torment.
You can survive without breathing.


Message History

Aiming: Freeze (safe; 1% risk of failure)
Press: ? - help, Shift-Dir - straight line, f - killer bee
Aim: a killer bee (lightly wounded)
You freeze the killer bee.
The killer bee is heavily wounded.
A killer bee comes into view.
The wall freezes the killer bee.
The killer bee stings you but does no damage.
The wall freezes the orc priest.
You kill the orc priest!
The wall freezes the orc.
The wall freezes the killer bee.
The killer bee closely misses you.
You miss the killer bee.
The killer bee is severely wounded.
The wall freezes the killer bee.
The wall freezes the killer bee but do no damage.
The wall freezes the orc.
The killer bee buzzes angrily.
You hit the killer bee.
You kill the killer bee!
Your Ice Magic skill increases to level 7!
You have reached level 6!
Your experience leads to an increase in your attributes!
Increase (s)trength, (i)ntelligence, or (d)exterity?
You feel clever.
The wall freezes the killer bee.
The killer bee stings you.
Evoke which item? (* to show all) (? for menu, Esc to quit)
Okay, then.
You barely miss the killer bee.
The killer bee is lightly wounded.
The wall freezes the killer bee.
The killer bee misses you.
The wall freezes the orc.
You kill the orc!
The wall freezes the killer bee.
The killer bee barely misses you.
You hit the killer bee.
The killer bee is moderately wounded.
The wall freezes the killer bee.
The killer bee completely misses you.
The frozen ramparts melt away.
You climb upwards.
There is a stone staircase leading down here.
The killer bee stings you!
* * * LOW HITPOINT WARNING * * *
The killer bee stings you.
* * * LOW HITPOINT WARNING * * *
Casting: Freeze (safe; 1% risk of failure)
Confirm with . or Enter, or press ? or * to list all spells.
Aiming: Freeze (safe; 1% risk of failure)
Press: ? - help, Shift-Dir - straight line, f - killer bee
Aim: a killer bee (heavily wounded)
You freeze the killer bee.
The killer bee is severely wounded.
The killer bee stings you but does no damage.
The killer bee stings you.
* * * LOW HITPOINT WARNING * * *
The killer bee stings you.
* * * LOW HITPOINT WARNING * * *
The killer bee stings you!
* * * LOW HITPOINT WARNING * * *
Really quaff
b - a metallic amethyst potion {!q}?
It was a potion of lignification {!q}.
You feel woody for a moment. The killer bee stings you.
* * * LOW HITPOINT WARNING * * *
The killer bee stings you.
You die...

.+ .# ..## ...#. # ......
.. #######...##. ###.
#...>........ ...
#...y.###### #.
#....@###############[
.....##..................
##### ########.##########
#.......# #...#
#.......#####...#
#...........'....
#.......#####...#
#################
#.......


You could see a killer bee.

Vanquished Creatures
  A scorpion (D:4)
  A killer bee (D:5)
  An orc priest (D:5)
  An iguana (D:4)
  3 gnolls (D:3)
  6 adders
  A worm (D:4)
  A leopard gecko (D:1)
  5 orcs
  2 bats
  3 hobgoblins
  A jackal (D:3)
  A kobold (D:3)
  A quokka (D:3)
  A goblin (D:3)
  A rat (D:1)
30 creatures vanquished.

Notes
Turn   | Place    | Note
-------+----------+-------------------------------------------
     0 | D:1      | Amnesiac the Ghoul Ice Elementalist began the quest for the
                  | Orb.
     0 | D:1      | Reached XP level 1. HP: 14/14 MP: 2/2
   291 | D:1      | Reached XP level 2. HP: 20/20 MP: 0/4
   328 | D:2      | Found a basalt altar of Yredelemnul.
   386 | D:2      | Reached skill level 5 in Ice Magic
   386 | D:2      | Reached XP level 3. HP: 23/26 MP: 0/5
   391 | D:2      | Learned a level 3 spell: Frozen Ramparts
   627 | D:3      | Reached XP level 4. HP: 24/33 MP: 0/6
   886 | D:4      | Reached skill level 6 in Ice Magic
   886 | D:4      | Reached XP level 5. HP: 33/38 MP: 4/8
  1004 | D:4      | Learned a level 4 spell: Summon Ice Beast
  1137 | D:4      | Learned a level 2 spell: Passwall
  1157 | D:5      | Entered Level 5 of the Dungeon
  1186 | D:5      | Reached skill level 7 in Ice Magic
  1186 | D:5      | Reached XP level 6. HP: 31/45 MP: 0/9
  1194 | D:4      | HP: 2/45 [killer bee (3)]
  1194 | D:4      | Slain by a killer bee

Levels and vault maps discovered:
D:1:      minmay_arrival_up_and_down, layout_basic,
          corexii_item_surrounded_by_moat
D:2:      layout_loops_cross, lemuel_doored_altar, overflow_temple_1_default,
          dk_vineyard_2
D:3:      layout_loops_ring, first_ration
D:4:      layout_basic, minmay_temple_entry_fiery
D:5:      layout_rooms

Skill      XL: |  1  2  3  4  5 |
---------------+----------------+-----
Spellcasting   | 2 3 |  3.3
Ice Magic      | 5 6 7 |  7.0
Dodging        | |  1.7
Stealth        | |  2.1

Action                   |  1- 3 |  4- 6 || total
-------------------------+-------+-------++-------
Melee: Unarmed           |     7 |     2 ||     9
       Dagger            |       |    23 ||    23
 Cast: Freeze            |    22 |    14 ||    36
       Frozen Ramparts   |     3 |     6 ||     9
  Use: Potion            |       |     1 ||     1
  Eat: Chunk             |     1 |     2 ||     3
Armor: Robe              |     9 |     5 ||    14
Dodge: Dodged            |    29 |    21 ||    50

Table legend:
 A = Non-vault XP
 B = Vault XP
 C = Vault XP percentage of total XP
 D = Non-vault monster count
 E = Vault monster count
 F = Vault count percentage of total count
                 A         B        C        D         E       F
            +---------+---------+-------+---------+---------+-------
      Total |     376 |       0 |   0.0 |      30 |       0 |   0.0
            +---------+---------+-------+---------+---------+-------
        D:1 |      10 |       0 |   0.0 |       5 |       0 |   0.0
        D:2 |      26 |       0 |   0.0 |       2 |       0 |   0.0
        D:3 |      99 |       0 |   0.0 |      13 |       0 |   0.0
        D:4 |     112 |       0 |   0.0 |       3 |       0 |   0.0
        D:5 |     129 |       0 |   0.0 |       7 |       0 |   0.0
            +---------+---------+-------+---------+---------+-------
